[Event "Titled Tuesday Blitz April 05 Late 2022"]
[White "Wu, Christopher"]
[Black "Sanchez, Robert"]
[WhiteFideId "2040875"]
[BlackFideId "2034360"]
[WhiteElo "2618"]
[BlackElo "2346"]
[Result "0-1"]
[Round "04"]
[TimeControl "180+1"]
[Date "2022.04.06"]
[WhiteClock "0:00:20"]
[BlackClock "0:01:34"]

1. d4 Nf6 2. c4 e6 3. Nf3 b6 4. g3 Bb7 5. Bg2 Be7 6. O-O O-O 7. Re1 d5 8. Ne5 c6 9. Nc3 Nbd7 10. Bf4 Nxe5 11. dxe5 Nd7 12. h4 Re8 13. cxd5 cxd5 14. e4 dxe4 15. Nxe4 Bd5 16. Rc1 Rc8 17. Qg4 Kh8 18. Ng5 Bxg5 19. Bxd5 Bxf4 20. Rxc8 Qxc8 21. Qxf4 exd5 22. Qxf7 Nxe5 23. Qxd5 Nf3+ 0-1


[Site "https://www.chess.com"]

[Event "Titled Tuesday Blitz April 05 Late 2022"]
[White "Zherebtsova, Alexandra"]
[Black "Rorrer, Grayson"]
[WhiteFideId "24129518"]
[BlackFideId "30944996"]
[WhiteElo "2379"]
[BlackElo "2693"]
[Result "1-0"]
[Round "04"]
[TimeControl "180+1"]
[Date "2022.04.06"]
[WhiteClock "0:00:16"]
[BlackClock "0:00:07"]

1. d4 Nf6 2. Nf3 e6 3. c4 Bb4+ 4. Nbd2 b6 5. a3 Bxd2+ 6. Qxd2 Bb7 7. g3 O-O 8. Bg2 d5 9. cxd5 Bxd5 10. O-O Nbd7 11. b4 c5 12. dxc5 bxc5 13. Bb2 Qb6 14. bxc5 Qxc5 15. Rfc1 Qb6 16. Bd4 Qb7 17. Rab1 Qa6 18. Qe3 Rfc8 19. Bf1 h6 20. h3 Rc6 21. Ne5 Nxe5 22. Bxe5 Nd7 23. Ba1 Rac8 24. Qd4 Nf6 25. Rxc6 Bxc6 26. Qb4 Nd5 27. Qb2 Nf6 28. Rc1 Rd8 29. Qc3 Bb7 30. Qc7 Rc8 31. Qf4 Rxc1 32. Qxc1 Ne8 33. Qc3 Qb5 34. e4 Qc6 35. Qxc6 Bxc6 36. f3 Nc7 37. Bd4 a6 38. Bc5 Bb5 39. Bxb5 Nxb5 40. Kf2 f6 41. Ke3 e5 42. Kd3 Kf7 43. Kc4 Ke6 44. Kb4 Nd4 45. Bxd4 exd4 46. Kc4 Ke5 47. Kd3 g5 48. a4 a5 49. g4 Kf4 50. Kxd4 Kxf3 51. Kd5 Kf4 52. Ke6 Kxe4 53. Kxf6 Kd4 54. Kg6 Kc4 55. Kxh6 Kb4 56. Kxg5 Kxa4 57. h4 Kb3 58. h5 a4 59. h6 a3 60. h7 a2 61. h8=Q a1=Q 1-0


[Site "https://www.chess.com"]

[Event "Titled Tuesday Blitz April 05 Late 2022"]
[White "Zhou, Qiyu"]
[Black "Brizzi, Milagros Tatiana"]
[WhiteFideId "505161"]
[BlackFideId "128350"]
[WhiteElo "1925"]
[BlackElo "1844"]
[Result "1-0"]
[Round "04"]
[TimeControl "180+1"]
[Date "2022.04.06"]
[WhiteClock "0:00:09"]
[BlackClock "0:00:01"]

1. e4 c6 2. d4 d5 3. e5 Bf5 4. Nf3 e6 5. Be2 c5 6. Be3 cxd4 7. Nxd4 Ne7 8. O-O Nbc6 9. f4 Nxd4 10. Bxd4 Nc6 11. Bb5 Be7 12. c3 O-O 13. Bf2 a6 14. Bd3 Bxd3 15. Qxd3 b5 16. Nd2 Rc8 17. Nf3 Na5 18. f5 exf5 19. Qxf5 Nc4 20. b3 Nb6 21. Bd4 Bc5 22. Rac1 Qe7 23. Ng5 g6 24. Qf4 h6 25. Nf3 Kh7 26. Kh1 Rc6 27. Rfe1 Rfc8 28. Rcd1 a5 29. h4 b4 30. cxb4 Bxb4 31. Re2 R8c7 32. Be3 Nc8 33. Qxh6+ Kg8 34. Ng5 f5 35. exf6 Qd7 36. f7+ Qxf7 37. Nxf7 Rxf7 38. Bd4 Rh7 39. Qf4 Rf7 40. Re8+ Bf8 41. Qh6 Rh7 42. Rxf8# 1-0


[Site "https://www.chess.com"]

[Event "Titled Tuesday Blitz April 05 Late 2022"]
[White "Abdyzhapar, Asylbek"]
[Black "Sadhwani, Raunak"]
[WhiteFideId "13800337"]
[BlackFideId "35093487"]
[WhiteElo "2331"]
[BlackElo "2616"]
[Result "0-1"]
[Round "05"]
[TimeControl "180+1"]
[Date "2022.04.05"]
[WhiteClock "0:00:09"]
[BlackClock "0:00:09"]

1. d4 Nf6 2. Bg5 d5 3. e3 c5 4. c3 Nc6 5. Nd2 Qb6 6. Qb3 e6 7. Ngf3 Bd6 8. Be2 h6 9. Bh4 Bd7 10. Bg3 Bxg3 11. hxg3 O-O 12. O-O Rab8 13. Qa3 cxd4 14. cxd4 Rfc8 15. Rfc1 Nb4 16. Qb3 Be8 17. Ne5 Nc6 18. Qxb6 axb6 19. Nd3 Kf8 20. a3 Na5 21. Nb4 Ne4 22. Nxe4 dxe4 23. Bd1 Ke7 24. f3 exf3 25. gxf3 Nc4 26. Kf2 Nxb2 27. Bb3 b5 28. e4 Nc4 29. a4 Na5 30. Rxc8 Rxc8 31. Bd1 Rc4 32. axb5 Rxb4 33. Rxa5 Rxb5 34. Ra7 g5 35. Be2 Rb2 36. Ke3 h5 37. Ra5 f6 38. Rc5 Bd7 39. f4 b6 40. Rc7 Rb3+ 41. Kf2 gxf4 42. gxf4 h4 43. e5 fxe5 44. dxe5 h3 45. Bg4 h2 46. Kg2 Rg3+ 47. Kxh2 Rxg4 48. Rc4 b5 49. Rd4 Rg8 50. Kh3 Rc8 51. Kg4 Rc4 52. Rd2 b4 53. Kg5 b3 54. Rb2 Ba4 55. Rh2 Rb4 56. Rb2 Bc6 57. f5 exf5 58. Kxf5 Bd7+ 59. Kg5 Be6 0-1


[Site "https://www.chess.com"]

[Event "Titled Tuesday Blitz April 05 Late 2022"]
[White "Al-Tarboush, Ward"]
[Black "Romero Ruscalleda, Josep"]
[WhiteFideId "7601450"]
[BlackFideId "2231859"]
[WhiteElo "2276"]
[BlackElo "2304"]
[Result "1-0"]
[Round "05"]
[TimeControl "180+1"]
[Date "2022.04.06"]
[WhiteClock "0:01:34"]
[BlackClock "0:00:37"]

1. e4 g6 2. d4 Bg7 3. Nc3 d6 4. Be3 a6 5. Qd2 b5 6. Nge2 Bb7 7. f3 Nd7 8. O-O-O Rc8 9. h4 h5 10. g4 c5 11. gxh5 Rxh5 12. Ng3 Rh8 13. h5 cxd4 14. Bxd4 Ne5 15. hxg6 fxg6 16. Rxh8 Bxh8 17. Qg2 b4 18. Nd5 Bxd5 19. exd5 Kf7 20. f4 Ng4 21. Bxh8 Ne3 22. Qe4 Nxd1 23. Qe6+ Kf8 24. Qxg6 Nf6 25. Bg7+ Kg8 26. Bh6+ 1-0


[Site "https://www.chess.com"]

[Event "Titled Tuesday Blitz April 05 Late 2022"]
[White "Ambartsumova, Karina"]
[Black "Ilyasli, Ughur"]
[WhiteFideId "4166299"]
[BlackFideId "13416197"]
[WhiteElo "2586"]
[BlackElo "2409"]
[Result "0-1"]
[Round "05"]
[TimeControl "180+1"]
[Date "2022.04.06"]
[WhiteClock "0:00:06"]
[BlackClock "0:00:11"]

1. d4 Nf6 2. Nf3 g6 3. g3 Bg7 4. Bg2 O-O 5. O-O d5 6. c4 dxc4 7. Ne5 c5 8. dxc5 Qc7 9. Nxc4 Qxc5 10. Nba3 Nc6 11. Be3 Qh5 12. f3 Bh3 13. g4 Nxg4 14. fxg4 Qxg4 15. Rf2 b5 16. Qd5 bxc4 17. Qxc6 Bxb2 18. Rd1 Bxa3 19. Rd4 Bxg2 20. Rxg2 Qf5 21. Qxc4 Rac8 22. Qd3 Qxd3 23. Rxd3 Bc5 24. Rg5 Bxe3+ 25. Rxe3 e6 26. Ra5 Rc7 27. Rea3 Ra8 28. Kf2 h5 29. Kf3 Kg7 30. e4 Kf6 31. e5+ Kg7 32. h4 Rc4 33. R5a4 Rac8 34. Rxc4 Rxc4 35. Rxa7 Rxh4 36. a4 Rh3+ 37. Kg2 Ra3 38. a5 g5 39. a6 Kg6 40. Kh2 Kf5 41. Rxf7+ Kxe5 42. a7 h4 43. Rb7 g4 44. Rb5+ Kf6 45. Rb7 Ra2+ 46. Kg1 h3 47. Kh1 g3 48. Rb1 Rxa7 0-1


[Site "https://www.chess.com"]

[Event "Titled Tuesday Blitz April 05 Late 2022"]
[White "Andreikin, Dmitry"]
[Black "Jumabayev, Rinat"]
[WhiteFideId "4158814"]
[BlackFideId "13702661"]
[WhiteElo "2736"]
[BlackElo "2561"]
[Result "1/2-1/2"]
[Round "05"]
[TimeControl "180+1"]
[Date "2022.04.05"]
[WhiteClock "0:00:10"]
[BlackClock "0:00:07"]

1. d4 d5 2. c4 c6 3. Nf3 Nf6 4. Qc2 g6 5. Bf4 Bg7 6. e3 O-O 7. Nc3 c5 8. dxc5 Na6 9. Rd1 Bf5 10. Qc1 Nxc5 11. cxd5 Rc8 12. Be2 Nxd5 13. Be5 Ne4 14. Bxg7 Kxg7 15. Qa1 Nexc3 16. bxc3 Kg8 17. O-O Qa5 18. c4 Nc3 19. Rd2 Nxe2+ 20. Rxe2 Bd3 21. Rb2 Bxf1 22. Qxf1 Rc7 23. h4 Rfc8 24. Rb5 Qxa2 25. Ne5 a6 26. Rd5 f6 27. Nd3 Qxc4 28. Rd4 Qb5 29. Qd1 e5 30. Rd6 Rd7 31. Nb4 Rxd6 32. Qxd6 Qc4 33. Nd5 Rf8 34. Nxf6+ Rxf6 35. Qxf6 Qc1+ 36. Kh2 Qc7 37. g4 a5 38. h5 gxh5 39. gxh5 e4+ 40. Kh3 a4 41. Qe6+ Kf8 42. Qxe4 Qd7+ 43. Kh2 b5 44. f4 Qd6 45. Qxh7 a3 46. h6 a2 47. Qg7+ Ke8 48. h7 Qd2+ 49. Kh1 Qd1+ 50. Kg2 Qe2+ 51. Kg3 Qxe3+ 52. Kh4 Qf2+ 53. Kh3 Qf3+ 54. Kh2 Qh5+ 55. Kg3 Qxh7 56. Qxh7 a1=Q 57. Qh5+ Ke7 58. Qxb5 Qg1+ 59. Kf3 Qd1+ 60. Ke4 Qc2+ 61. Ke3 Qc3+ 62. Ke2 Qc2+ 63. Ke3 Qc3+ 64. Qd3 Qxd3+ 65. Kxd3 Ke6 66. Ke4 Kf6 67. f5 Kf7 68. Ke5 Ke7 69. f6+ Kf7 70. Kf5 Kf8 71. Kg6 Kg8 72. f7+ Kf8 73. Kf6 1/2-1/2


[Site "https://www.chess.com"]

[Event "Titled Tuesday Blitz April 05 Late 2022"]
[White "Andrews, Todd"]
[Black "Silvestre, Christian"]
[WhiteFideId "2012456"]
[BlackFideId "30956269"]
[WhiteElo "2291"]
[BlackElo "2396"]
[Result "1-0"]
[Round "05"]
[TimeControl "180+1"]
[Date "2022.04.06"]
[WhiteClock "0:01:07"]
[BlackClock "0:01:36"]

1. e4 c6 2. d4 d5 3. exd5 cxd5 4. c4 dxc4 5. Bxc4 Qc7 6. Bb3 Bg4 7. f3 Bf5 8. Nc3 e6 9. Be3 a6 10. Rc1 Nc6 11. d5 Qe5 12. Qe2 exd5 13. Nxd5 O-O-O 14. Rxc6+ bxc6 15. Qxa6+ Kd7 16. Qb7+ Ke8 17. Nc7+ Kd7 18. Nb5+ Ke8 19. Bxf7# 1-0


[Site "https://www.chess.com"]

[Event "Titled Tuesday Blitz April 05 Late 2022"]
[White "Arabidze, Meri"]
[Black "Hess, Robert"]
[WhiteFideId "13604040"]
[BlackFideId "2022036"]
[WhiteElo "2335"]
[BlackElo "2557"]
[Result "1/2-1/2"]
[Round "05"]
[TimeControl "180+1"]
[Date "2022.04.05"]
[WhiteClock "0:00:06"]
[BlackClock "0:00:05"]

1. d4 g6 2. Nf3 Bg7 3. g3 d6 4. Bg2 Nd7 5. O-O e6 6. e4 Ne7 7. Nc3 h6 8. Be3 a6 9. Qd2 b5 10. a3 Bb7 11. Rfe1 g5 12. d5 e5 13. a4 b4 14. Na2 a5 15. c3 Nc5 16. Bxc5 dxc5 17. c4 Ba6 18. b3 Ng6 19. Rf1 Bf8 20. Nc1 Bc8 21. Nd3 Bd6 22. Nfe1 Qe7 23. Nc2 h5 24. Ne3 Qf6 25. Rae1 h4 26. Nf5 Ne7 27. g4 Ng6 28. h3 O-O 29. Qe3 Nf4 30. Nxc5 Bxf5 31. exf5 Bxc5 32. Qxc5 Nd3 33. Qxc7 Rfc8 34. Qd7 Nc5 35. Qb5 Qd6 36. Re3 f6 37. Rfe1 Kf7 38. Kh1 Rc7 39. Kg1 Ra6 40. Qb8 Rb6 41. Qh8 Qf8 42. Qxf8+ Kxf8 43. R1e2 Ke7 44. Rd2 Kd6 45. Re1 Rb8 46. Re3 Re8 47. Kf1 Rb8 48. Ke2 Rb6 49. Kd1 Rb8 50. Kc2 Rb6 51. Rde2 Rb8 52. Rd2 Rbb7 53. Rde2 Rb8 54. Rd2 1/2-1/2


[Site "https://www.chess.com"]

[Event "Titled Tuesday Blitz April 05 Late 2022"]
[White "Ashiev, Eduard"]
[Black "Bellissimo, Joseph F."]
[WhiteFideId "4130090"]
[BlackFideId "2609843"]
[WhiteElo "2004"]
[BlackElo "2061"]
[Result "0-1"]
[Round "05"]
[TimeControl "180+1"]
[Date "2022.04.06"]
[WhiteClock "0:00:01"]
[BlackClock "0:00:42"]

1. d4 Nf6 2. Nf3 e6 3. c4 d5 4. Nc3 Be7 5. Bf4 O-O 6. e3 a6 7. c5 Nh5 8. Bd3 Nxf4 9. exf4 b6 10. b4 a5 11. a3 bxc5 12. bxc5 Ba6 13. O-O Nc6 14. Rb1 Bf6 15. Bxa6 Rxa6 16. Qa4 Qd7 17. Ne5 Bxe5 18. fxe5 f6 19. exf6 Rxf6 20. Rbe1 Ra8 21. g3 Raf8 22. f4 h6 23. Qd1 Qf7 24. Kg2 g5 25. Qg4 Nxd4 26. h4 Nc2 27. Re2 Qg6 28. h5 Qd3 29. Rxe6 Ne3+ 30. Rxe3 Qxe3 31. Nxd5 Qe4+ 32. Qf3 Qxf3+ 33. Kxf3 R6f7 34. Kg4 Rd8 35. Ne3 Rd3 0-1


[Site "https://www.chess.com"]

[Event "Titled Tuesday Blitz April 05 Late 2022"]
[White "Barbosa, Evandro Amorim"]
[Black "Ronka, Erik"]
[WhiteFideId "2115824"]
[BlackFideId "505080"]
[WhiteElo "2658"]
[BlackElo "2520"]
[Result "1-0"]
[Round "05"]
[TimeControl "180+1"]
[Date "2022.04.06"]
[WhiteClock "0:01:42"]
[BlackClock "0:00:24"]

1. e4 c5 2. Nf3 e6 3. d3 d5 4. Qe2 Be7 5. g3 Nc6 6. Bg2 Nf6 7. O-O O-O 8. e5 Nd7 9. c4 d4 10. h4 a6 11. Bf4 Rb8 12. Nbd2 b5 13. h5 h6 14. Nh2 Bb7 15. Ng4 Na5 16. Bxb7 Rxb7 17. b3 bxc4 18. dxc4 Nc6 19. Ne4 a5 20. Qd2 f5 21. exf6 Nxf6 22. Ngxf6+ Bxf6 23. Nxc5 Re7 24. Qd3 e5 25. Bd2 e4 26. Nxe4 Ne5 27. Qe2 Nf3+ 28. Qxf3 Bg5 29. Qd3 Bxd2 30. Nxd2 1-0


[Site "https://www.chess.com"]

[Event "Titled Tuesday Blitz April 05 Late 2022"]
[White "Bilan, Danila"]
[Black "Winkels, Marcel"]
[WhiteFideId "24161918"]
[BlackFideId "1003887"]
[WhiteElo "2164"]
[BlackElo "1900"]
[Result "1-0"]
[Round "05"]
[TimeControl "180+1"]
[Date "2022.04.06"]
[WhiteClock "0:00:12"]
[BlackClock "0:00:21"]

1. d4 Nf6 2. Nf3 c5 3. e3 g6 4. Be2 Bg7 5. O-O O-O 6. b3 d6 7. Bb2 b6 8. c4 Nc6 9. Nc3 Bf5 10. Qd2 Ne4 11. Nxe4 Bxe4 12. Rfd1 Nb4 13. a3 Na6 14. b4 Rc8 15. b5 Nb8 16. a4 Nd7 17. a5 Ra8 18. Bd3 Bxd3 19. Qxd3 Qc7 20. Bc3 Rfd8 21. d5 Nf6 22. e4 e5 23. dxe6 fxe6 24. axb6 Qxb6 25. Ba5 Qb7 26. Bxd8 Rxd8 27. e5 Ng4 28. g3 Nxe5 29. Nxe5 Bxe5 30. Re1 Bxa1 31. Rxa1 d5 32. Qe3 Qd7 33. Qxc5 d4 34. Rxa7 Qe8 35. Qe5 Rd7 36. Ra2 d3 37. Rd2 Qe7 38. Qe3 Qd6 39. c5 Qd4 40. Qxd4 Rxd4 41. c6 Rc4 42. Rxd3 Rc5 43. Rd7 Rxb5 44. c7 Rc5 45. Rd8+ Kf7 46. c8=Q Rxc8 47. Rxc8 Kf6 48. Rc3 Ke5 49. Kg2 Kf6 50. Re3 Ke7 51. h4 Kd6 52. Kf3 Kd5 53. Kf4 e5+ 54. Kg5 e4 55. Kh6 Kd4 56. Kxh7 1-0


[Site "https://www.chess.com"]

[Event "Titled Tuesday Blitz April 05 Late 2022"]
[White "Brizzi, Milagros Tatiana"]
[Black "Mangialardo, Tiago Carvalho"]
[WhiteFideId "128350"]
[BlackFideId "2130718"]
[WhiteElo "1844"]
[BlackElo "2049"]
[Result "1-0"]
[Round "05"]
[TimeControl "180+1"]
[Date "2022.04.06"]
[WhiteClock "0:01:21"]
[BlackClock "0:00:05"]

1. e4 e5 2. Nf3 Nc6 3. d4 exd4 4. Nxd4 Bc5 5. Be3 Qf6 6. c3 Nge7 7. Bc4 O-O 8. O-O Bb6 9. Nc2 d6 10. Nd2 Be6 11. f4 Bxc4 12. Nxc4 Qe6 13. Nd2 Rfe8 14. Qf3 Bxe3+ 15. Nxe3 Nc8 16. Nd5 Qd7 17. Rae1 Nb6 18. Ne3 Ne7 19. f5 Nc6 20. f6 Ne5 21. Qg3 Ng6 22. Nf5 gxf6 23. h4 Kh8 24. h5 1-0


[Site "https://www.chess.com"]

[Event "Titled Tuesday Blitz April 05 Late 2022"]
[White "Buchenau, Frank"]
[Black "Karas, Marek"]
[WhiteFideId "4604350"]
[BlackFideId "14928558"]
[WhiteElo "2448"]
[BlackElo "2605"]
[Result "1-0"]
[Round "05"]
[TimeControl "180+1"]
[Date "2022.04.06"]
[WhiteClock "0:01:07"]
[BlackClock "0:00:04"]

1. e4 c6 2. Nf3 d5 3. Nc3 Nf6 4. e5 Ne4 5. Ne2 Qb6 6. d4 e6 7. Ng3 c5 8. Bd3 Nxg3 9. hxg3 cxd4 10. Nxd4 Nc6 11. Nxc6 bxc6 12. O-O Bc5 13. Qg4 g6 14. c3 Ba6 15. Bxa6 Qxa6 16. Bg5 Qd3 17. Bf6 h5 18. Qa4 O-O 19. Qf4 Kh7 20. g4 Qe4 21. Qxe4 dxe4 22. Rfe1 e3 23. fxe3 hxg4 24. Kf2 g5 25. Bxg5 Kg6 26. Bf6 Rab8 27. b4 Bb6 28. Kg3 Bd8 29. Rf1 Bxf6 30. Rxf6+ Kg7 31. Raf1 Rbd8 32. R1f4 Rd7 33. Rxg4+ Kh7 34. Rf1 1-0


[Site "https://www.chess.com"]

[Event "Titled Tuesday Blitz April 05 Late 2022"]
[White "Chernobay, Artem"]
[Black "Hambleton, Aman"]
[WhiteFideId "4167406"]
[BlackFideId "2606577"]
[WhiteElo "2473"]
[BlackElo "2552"]
[Result "0-1"]
[Round "05"]
[TimeControl "180+1"]
[Date "2022.04.05"]
[WhiteClock "0:00:02"]
[BlackClock "0:00:01"]

1. e4 c5 2. Nf3 e6 3. d4 cxd4 4. Nxd4 Nc6 5. Nc3 Qc7 6. Nxc6 bxc6 7. Bd3 d5 8. O-O Nf6 9. Re1 Be7 10. Qf3 O-O 11. b3 Bb7 12. Bb2 a6 13. Qh3 e5 14. exd5 cxd5 15. Nxd5 Bxd5 16. Bxe5 Qc8 17. Bf5 Be6 18. Bxe6 Qxe6 19. Qg3 Qg4 20. Qe3 Bd8 21. Bd6 h6 22. Bxf8 Kxf8 23. h3 Qc8 24. c4 Kg8 25. Rad1 Ba5 26. Re2 Bb4 27. Qf3 a5 28. Re5 Rb8 29. Rb5 Rxb5 30. cxb5 Qc5 31. Qc6 Qe5 32. b6 Qe2 33. Rc1 Ne4 34. b7 Qxf2+ 35. Kh1 Bd6 0-1


[Site "https://www.chess.com"]

[Event "Titled Tuesday Blitz April 05 Late 2022"]
[White "Clawitter, Craig"]
[Black "Gulecyuz, Deniz"]
[WhiteFideId "2023105"]
[BlackFideId "30921341"]
[WhiteElo "2225"]
[BlackElo "1923"]
[Result "1-0"]
[Round "05"]
[TimeControl "180+1"]
[Date "2022.04.06"]
[WhiteClock "0:01:47"]
[BlackClock "0:01:54"]

1. e4 c5 2. Nf3 Nc6 3. d4 cxd4 4. Nxd4 Nf6 5. Nc3 e5 6. Ndb5 d6 7. Bg5 a6 8. Na3 b5 9. Bxf6 gxf6 10. Nd5 Bg7 11. Bd3 Ne7 12. Nxe7 Qxe7 13. O-O f5 14. exf5 e4 15. Bxe4 O-O 16. Bxa8 Bxb2 17. Re1 Qf6 18. Be4 Bxa3 19. Re3 Kh8 20. Rxa3 1-0


[Site "https://www.chess.com"]

[Event "Titled Tuesday Blitz April 05 Late 2022"]
[White "Coelho, Ramyres Santana"]
[Black "Zhou, Qiyu"]
[WhiteFideId "2120690"]
[BlackFideId "505161"]
[WhiteElo "1888"]
[BlackElo "1925"]
[Result "0-1"]
[Round "05"]
[TimeControl "180+1"]
[Date "2022.04.06"]
[WhiteClock "0:00:13"]
[BlackClock "0:00:24"]

1. e4 e5 2. Nf3 Nc6 3. d4 exd4 4. Bc4 Nf6 5. e5 d5 6. Bb5 Ne4 7. Nxd4 Bd7 8. Bxc6 bxc6 9. O-O Bc5 10. f3 Ng5 11. f4 Ne6 12. Be3 O-O 13. f5 Nxd4 14. Bxd4 Bxd4+ 15. Qxd4 Re8 16. f6 Qb8 17. Qf4 Qxb2 18. Qg5 Qd4+ 19. Kh1 Qg4 20. Qe3 d4 21. Qf2 Rxe5 22. fxg7 Rf5 23. Qe1 Re8 24. Qc1 Re2 25. Rg1 Rff2 26. Qa3 Kxg7 27. Qg3 Qxg3 28. hxg3 Bh3 29. Na3 Bxg2+ 30. Rxg2 Rxg2 31. Nc4 Rxc2 32. Ne5 Rh2+ 33. Kg1 Rcg2+ 34. Kf1 Rxg3 35. Nxc6 Rh1+ 36. Kf2 Rc3 37. Rxh1 Rxc6 38. Rd1 Rd6 39. Rd3 c5 40. Rg3+ Kf6 41. Ra3 a6 42. Rf3+ Ke6 43. Rh3 d3 44. Ke1 c4 45. Kd2 c3+ 46. Kd1 d2 47. Re3+ Kd7 48. Rxc3 f5 49. Rh3 h6 50. Rf3 Ke6 51. Rh3 Ke5 52. Re3+ Kf4 53. Rh3 Kg4 54. Rd3 Rxd3 55. a4 Ra3 56. a5 Ra4 57. Kxd2 Rxa5 58. Ke3 Ra3+ 59. Kf2 Rf3+ 60. Kg2 a5 61. Kh2 a4 62. Kg2 a3 63. Kg1 a2 64. Kh2 a1=Q 65. Kg2 Qa2+ 66. Kh1 Rb3 0-1


[Site "https://www.chess.com"]

[Event "Titled Tuesday Blitz April 05 Late 2022"]
[White "D`Arruda, Ricardo D."]
[Black "Almagro Mazariegos, Sebastian"]
[WhiteFideId "100692"]
[BlackFideId "2221640"]
[WhiteElo "2172"]
[BlackElo "2273"]
[Result "0-1"]
[Round "05"]
[TimeControl "180+1"]
[Date "2022.04.06"]
[WhiteClock "0:00:04"]
[BlackClock "0:00:13"]

1. Nf3 Nf6 2. d4 g6 3. Nc3 Bg7 4. e4 d6 5. Bg5 O-O 6. Qd2 Bg4 7. Bh6 Bxf3 8. gxf3 e5 9. Bxg7 Kxg7 10. h4 Nc6 11. d5 Nd4 12. O-O-O Nh5 13. Qe3 Qf6 14. Be2 Nf4 15. Bf1 a6 16. Ne2 Ndxe2+ 17. Bxe2 h5 18. c4 Rfc8 19. c5 c6 20. Kb1 cxd5 21. exd5 Rxc5 22. Bd3 Nxd5 23. Qd2 Nf4 24. Bc2 Rac8 25. Bb3 d5 26. Qb4 b5 27. a3 d4 28. Ka1 Qd6 29. Rhe1 f6 30. Qa5 R8c6 31. Ka2 Qc7 32. Qd2 a5 33. Ka1 a4 34. Ba2 Rc2 35. Qb4 R6c5 36. Rd2 Rxd2 37. Qxd2 Rc2 38. Qb4 Qc5 39. Qa5 Rc1+ 40. Rxc1 Qxc1+ 41. Bb1 d3 42. Qa7+ Kh6 43. Qe7 g5 44. Qf8+ Kg6 45. hxg5 Kxg5 46. Qg7+ Ng6 0-1


[Site "https://www.chess.com"]

[Event "Titled Tuesday Blitz April 05 Late 2022"]
[White "Danaci, Ege"]
[Black "Spata, German"]
[WhiteFideId "34506748"]
[BlackFideId "113026"]
[WhiteElo "1799"]
[BlackElo "2238"]
[Result "0-1"]
[Round "05"]
[TimeControl "180+1"]
[Date "2022.04.06"]
[WhiteClock "0:00:02"]
[BlackClock "0:00:05"]

1. e4 g6 2. Nc3 Bg7 3. g3 c5 4. Bg2 Nc6 5. d3 d6 6. f4 Nf6 7. Nf3 Bg4 8. h3 Bxf3 9. Qxf3 O-O 10. O-O Rb8 11. g4 b5 12. f5 b4 13. Nd1 Nd4 14. Qf2 a5 15. Rb1 a4 16. Ne3 a3 17. b3 Nb5 18. g5 Nd7 19. Nd5 Bd4 20. Be3 e6 21. Nf4 exf5 22. exf5 Qxg5 23. Nd5 Bxe3 24. Nxe3 Nc3 25. Rbe1 Ne5 26. h4 Qh5 27. Qg3 Rbe8 28. f6 Kh8 29. Nd5 Ne2+ 30. Rxe2 Qxe2 31. Rf2 Qd1+ 32. Bf1 Qg4 33. Qxg4 Nxg4 34. Rf4 Ne3 35. Ne7 Nxc2 36. h5 Ne3 37. Kf2 Nf5 38. hxg6 fxg6 39. Bh3 Nxe7 40. fxe7 Rxf4+ 41. Kg2 Rxe7 0-1


[Site "https://www.chess.com"]

[Event "Titled Tuesday Blitz April 05 Late 2022"]
[White "Davtyan, David Arm."]
[Black "Rustemov, Alexander"]
[WhiteFideId "13310046"]
[BlackFideId "4119002"]
[WhiteElo "2158"]
[BlackElo "2778"]
[Result "1-0"]
[Round "05"]
[TimeControl "180+1"]
[Date "2022.04.06"]
[WhiteClock "0:00:19"]
[BlackClock "0:00:02"]

1. c4 e6 2. Nc3 d5 3. d4 Be7 4. cxd5 exd5 5. g3 c6 6. Bg2 Bf5 7. Nf3 Nf6 8. O-O O-O 9. a3 a5 10. Bg5 Nbd7 11. Rc1 Re8 12. Ne5 h6 13. Nxd7 Qxd7 14. Bxf6 Bxf6 15. e3 Bh3 16. Na4 Bxg2 17. Kxg2 Qe6 18. Nc5 Qe7 19. Qf3 g6 20. Nxb7 Bxd4 21. exd4 Qxb7 22. Rfe1 Qxb2 23. Rxe8+ Rxe8 24. Rxc6 Qxd4 25. Rc7 Rf8 26. Rd7 a4 27. Rxd5 Qc4 28. Rd7 Rb8 29. Qf6 Qe4+ 30. Kh3 Rf8 31. Re7 Qd3 32. Re3 Qf1+ 33. Kg4 Kh7 34. Re7 Kg8 35. f3 Qd1 36. Kh3 Qf1+ 37. Kg4 Qg2 38. h4 Qc2 39. Kh3 Qb1 40. Kg4 Qc2 41. h5 gxh5+ 42. Kh3 Qb1 43. Kg2 Qa2+ 44. Kh3 Rc8 45. Qxh6 Qd5 46. Qf6 Rf8 47. Re5 Qa2 48. Rg5+ Kh7 49. Qg7# 1-0


[Site "https://www.chess.com"]

[Event "Titled Tuesday Blitz April 05 Late 2022"]
[White "Degardin, Sylvain"]
[Black "Papp, Levente"]
[WhiteFideId "20623070"]
[BlackFideId "751243"]
[WhiteElo "2501"]
[BlackElo "2612"]
[Result "0-1"]
[Round "05"]
[TimeControl "180+1"]
[Date "2022.04.06"]
[WhiteClock "0:00:34"]
[BlackClock "0:00:33"]

1. d4 Nf6 2. c4 e6 3. g3 d5 4. Bg2 Bb4+ 5. Bd2 a5 6. Nf3 O-O 7. O-O dxc4 8. Qc2 Bxd2 9. Nbxd2 b5 10. a4 c6 11. b3 cxb3 12. Nxb3 Nd5 13. Rfc1 b4 14. Ne5 Nc3 15. Nxc6 Nxc6 16. Bxc6 Ba6 17. Bf3 Qf6 18. Kg2 Rad8 19. Nc5 Bc4 20. e3 e5 21. Ne4 Nxe4 22. dxe5 Qxe5 23. Qxe4 Qxe4 24. Bxe4 Rc8 25. f3 Be6 26. Bb7 Rb8 27. Bc6 Rfd8 28. Rc2 Rbc8 29. Rac1 b3 30. Rb2 Rd6 0-1


[Site "https://www.chess.com"]

[Event "Titled Tuesday Blitz April 05 Late 2022"]
[White "Derraugh, Geordie"]
[Black "Chyngyz, Sultai"]
[WhiteFideId "2603950"]
[BlackFideId "13803158"]
[WhiteElo "2116"]
[BlackElo "1365"]
[Result "1-0"]
[Round "05"]
[TimeControl "180+1"]
[Date "2022.04.06"]
[WhiteClock "0:01:34"]
[BlackClock "0:01:28"]

1. e4 c5 2. Nf3 d6 3. Bb5+ Nd7 4. d4 cxd4 5. Qxd4 Nf6 6. c4 g6 7. Nc3 Bg7 8. Bg5 O-O 9. Bxd7 Bxd7 10. O-O Qa5 11. Qd3 Bg4 12. Bh4 Qh5 13. Bg3 Bxf3 14. gxf3 Qh3 15. Rfe1 h5 16. e5 dxe5 17. Bxe5 Ng4 18. Bg3 Nh6 19. Rxe7 h4 20. Bf4 Nf5 21. Rd7 Rae8 22. Rd1 Nd4 23. Rxd4 Bxd4 24. Qxd4 Rd8 25. Nd5 f6 26. Bh6 Rfe8 27. Qxf6 Rxd5 28. Qg7# 1-0


[Site "https://www.chess.com"]

[Event "Titled Tuesday Blitz April 05 Late 2022"]
[White "Dimakiling, Oliver"]
[Black "Maghsoodloo, Parham"]
[WhiteFideId "5202248"]
[BlackFideId "12539929"]
[WhiteElo "2426"]
[BlackElo "2630"]
[Result "1-0"]
[Round "05"]
[TimeControl "180+1"]
[Date "2022.04.05"]
[WhiteClock "0:00:29"]
[BlackClock "0:00:02"]

1. Nf3 d5 2. c4 d4 3. e3 Nc6 4. a3 a5 5. d3 e5 6. Be2 Bc5 7. O-O Nge7 8. Re1 O-O 9. Bf1 Ng6 10. exd4 Nxd4 11. Nxe5 Re8 12. Nxg6 Rxe1 13. Qxe1 Nc2 14. Qe5 Nxa1 15. Qxc5 Nb3 16. Ne7+ Kh8 17. Qe3 Ra6 18. Nxc8 Re6 19. Qf3 Re1 20. Bd2 Rxb1 21. Bc3 f6 22. Na7 c6 23. h4 Nd4 24. Qe4 Nb3 25. h5 Nc5 26. Qe3 Nxd3 27. h6 Rd1 28. Bxa5 Qg8 29. Bc3 Qxc4 30. Qe8+ Qg8 31. Qe2 Nc1 32. Qxd1 1-0


[Site "https://www.chess.com"]